 Dungeon Crawl Stone Soup version 0.19-a0-1035-gdbfb0c6 (webtiles) character file.

259 seren the Insei (level 5, 0/40 HPs)
             Began as a Draconian Transmuter on July 29, 2016.
             Slain by a gnoll
             ... wielding a +0 club
              (6 damage)
             ... on level 3 of the Dungeon.
             The game lasted 00:10:27 (3342 turns).

seren the Insei (Draconian Transmuter)              Turns: 3342, Time: 00:10:28

Health: 0/40       AC:  5    Str: 12    XL:     5   Next: 94%
Magic:  8/8        EV: 12    Int: 14    God:
Gold:   114        SH:  0    Dex: 12    Spells: 2 memorised, 5 levels left

rFire  . . .     SeeInvis .       - Unarmed
rCold  . . .     Gourm    .     (armour unavailable)
rNeg   . . .     Faith    .     (no shield)
rPois  .         Spirit   .     (helmet restricted)
rElec  .         Dismiss  .     (no cloak)
rCorr  .         Reflect  .     (no gloves)
SustAt .         Harm     .     (no boots)
MR     .....                    (no amulet)
Stlth  +.........               (no ring)
                                (no ring)

@: not resistant to hostile enchantments, very unstealthy
A: unfitting armour, cold-blooded, AC +5
a: no special abilities


You were on level 3 of the Dungeon.
You were not hungry.

You visited 1 branch of the dungeon, and saw 4 of its levels.

You collected 114 gold pieces.

Inventory:

Hand Weapons
 u - a +0 blowgun
Missiles
 a - 27 arrows
 n - 80 stones (quivered)
 v - 20 poisoned needles
Scrolls
 g - a scroll of teleportation {unknown}
 k - a scroll of immolation {unknown}
 m - 2 scrolls of identify {unknown}
 o - 2 scrolls of enchant weapon {unknown}
 s - a scroll of remove curse {unknown}
 t - a scroll of amnesia {unknown}
Potions
 d - a potion of lignification {unknown}
 e - a potion of degeneration {unknown}
 h - a potion of beneficial mutation {unknown}
 j - 3 potions of resistance {unknown}
 l - a potion of haste {unknown}
 p - a potion of berserk rage {unknown}
 q - 3 potions of curing {unknown}
 r - a potion of cancellation {unknown}
 w - a potion of invisibility {unknown}
Books
 b - a book of Changes

   Spells                             Type                      Level
   a - Beastly Appendage              Transmutation                1
   b - Sticks to Snakes               Transmutation                2
   c - Spider Form                    Transmutation/Poison         3
   d - Ice Form                       Ice/Transmutation            4
   e - Blade Hands                    Transmutation                5
Comestibles
 c - 2 bread rations
 i - 3 meat rations


   Skills:
 - Level 1.1 Fighting
 - Level 1.7 Dodging
 - Level 1.0 Stealth
 - Level 6.0 Unarmed Combat
 - Level 2.0 Spellcasting
 + Level 3.2 Transmutations


You had 5 spell levels left.
You knew the following spells:

 Your Spells              Type           Power        Failure   Level  Hunger
a - Beastly Appendage     Tmut           ##....       10%         1    ##.....
b - Sticks to Snakes      Tmut           ##......     12%         2    ###....


Dungeon Overview and Level Annotations

Branches:
Dungeon (4/15)
 Temple: D:4-7

Altars:
Fedhas

Annotations:
D:3 Sigmund


Innate Abilities, Weirdness & Mutations

Your plain brown scales are hard. (AC +5)
Your body does not fit into most forms of armour.
You are cold-blooded and may be slowed by cold attacks.


Message History

You hit the gnoll but do no damage.
The gnoll is moderately wounded.
The gnoll hits you with a club.
* * * LOW HITPOINT WARNING * * *
All of the chunks of flesh in your inventory have rotted away.
You hit the gnoll.
The gnoll is heavily wounded.
The gnoll barely misses you.
You hit the gnoll.
The gnoll is almost dead.
The gnoll hits you with a club.
* * * LOW HITPOINT WARNING * * *
You barely miss the gnoll.
The gnoll is almost dead.
The gnoll barely misses you.
You closely miss the gnoll.
You tail-slap the gnoll, but do no damage.
The gnoll is almost dead.
The gnoll hits you with a club.
You die...

#.# #.#
#############
#.#
#.#############
#.#
#..).....%....#
#.#
#############.#
#.# #.# #.# #g#
#.# #.# #.#
########)# #.#
#.....@g)#
##.##
#.########
....## #.#
##...# #.#
##..# #.# #..#
#.# #..# #.#
#..# #.# #..#
#.#


You could see a gnoll.

Vanquished Creatures
  A hound (D:3)
  A gnoll shaman (D:3)
  Ijyb (D:2)
  A worker ant (D:4)
  2 gnolls (D:3)
  3 adders
  2 oozes (D:1)
  3 worms
  4 giant geckos
  3 ball pythons
  5 giant cockroaches
  8 goblins
  6 hobgoblins
  10 jackals
  12 kobolds
  5 bats
  A giant cockroach zombie (D:3)
  4 giant newts
  14 rats
86 creatures vanquished.

Notes
Turn   | Place    | Note
-------+----------+-------------------------------------------
     0 | D:1      | seren the Draconian Transmuter began the quest for the Orb.
     0 | D:1      | Reached XP level 1. HP: 16/16 MP: 3/3
   262 | D:1      | Reached XP level 2. HP: 18/23 MP: 5/5
   512 | D:1      | Reached skill level 4 in Unarmed Combat
   740 | D:1      | Reached XP level 3. HP: 28/28 MP: 6/6
  1381 | D:2      | Noticed Ijyb
  1395 | D:2      | Killed Ijyb
  1395 | D:2      | Reached skill level 1 in Stealth
  1395 | D:2      | Reached XP level 4. HP: 32/35 MP: 7/7
  1518 | D:2      | Reached skill level 5 in Unarmed Combat
  2440 | D:3      | Reached XP level 5. HP: 40/40 MP: 6/8
  2489 | D:3      | Noticed Sigmund
  2800 | D:3      | Found a blossoming altar of Fedhas.
  2901 | D:3      | Reached skill level 6 in Unarmed Combat
  2908 | D:3      | Learned a level 2 spell: Sticks to Snakes
  3184 | D:4      | Noticed an ice beast
  3342 | D:3      | Slain by a gnoll

Vault maps used:
D:1:      arrival_zaba_pyramid, minmay_crystal_water
D:2:      uniq_iyjb
D:3:      lemuel_doored_altar, first_bread, uniq_sigmund

Skill      XL: |  1  2  3  4  5 |
---------------+----------------+-----
Unarmed Combat | 4 5 6 |  6.0
Stealth        | 1 |  1.0
Transmutations | 3 |  3.2
Fighting       | |  1.1
Dodging        | |  1.7
Spellcasting   | |  2.0

Action                   |  1- 3 |  4- 6 || total
-------------------------+-------+-------++-------
Melee: Unarmed           |   132 |   167 ||   299
       Tailslap          |    14 |    13 ||    27
       Headbutt          |     1 |    10 ||    11
       Punch             |     1 |       ||     1
       Kick              |       |     2 ||     2
 Cast: Beastly Appendage |     2 |     9 ||    11
 Stab: Sleeping          |     2 |     3 ||     5
  Eat: Chunk             |     2 |     6 ||     8
Armor: Skin              |    46 |    42 ||    88
Dodge: Dodged            |    89 |    90 ||   179
